Map: Odyssey LE

Players

Nerchio

  • Race: Zerg Zerg
  • Spawn Location: 5:00

Rogue - Winner!

  • Race: Zerg Zerg
  • Spawn Location: 11:00

Event: 2017 WCS Global Finals

VOD

Have the link to the VOD?

Description

Time

  • Played on: Oct. 27, 2017, 6:04 p.m.
  • Length: 9:46

All games in this series

Show
View Real Time Build Order
Export as new Build Order

Nerchio Zerg 

Build Orders: Hatch First 

Get SALT Encoding   

  12  0:00  Drone  
  13  0:12  Overlord  
  13  0:17  Drone  
  14  0:30  Drone x2  
  14  0:34  Drone  
  17  0:54  Hatchery  
  17  0:55  Drone  
  17  0:58  Drone  
  18  1:08  Extractor  
  17  1:13  Spawning Pool  
  17  1:16  Drone  
  17  1:19  Drone  
  18  1:27  Drone  
  19  1:38  Overlord  
  19  1:49  Drone  
  20  1:59  Queen  
  20  2:00  Zergling x2  
  23  2:05  Queen  
  23  2:06  Zergling x2  
  23  2:08  Metabolic Boost  
  26  2:14  Spine Crawler  
  25  2:18  Zergling x2  
  25  2:21  Drone  
  27  2:24  Drone  
  27  2:27  Drone  
  29  2:32  Drone  
  30  2:38  Drone  
  30  2:41  Baneling Nest  
  30  2:43  Drone  
  31  2:51  Queen  
  31  2:55  Overlord  
  33  2:59  Drone  
  33  3:01  Drone  
  33  3:04  Drone  
  36  3:14  Zergling x2  
  36  3:15  Zergling x6  
  40  3:25  Baneling  
  40  3:26  Zergling x6  
  43  3:30  Zergling x2  
  43  3:31  Zergling x2  
  43  3:37  Drone  
  43  3:41  Overlord  
  43  3:45  Overlord  
  43  4:00  Baneling x5  
  43  4:05  Drone x3  
  43  4:07  Drone  
  43  4:08  Drone x2  
  49  4:13  Drone x2  
  49  4:14  Drone  
  49  4:16  Drone  
  51  4:18  Drone  
  50  4:29  Hatchery  
  49  4:34  Extractor, Drone  
  49  4:35  Evolution Chamber, Drone  
  49  4:38  Drone  
  50  4:40  Drone  
  50  4:41  Drone  
  50  4:43  Drone  
  53  4:50  Roach Warren  
  52  4:54  Lair  
  52  4:56  Drone  
  52  4:58  Drone  
  52  4:59  Drone  
  55  5:00  Extractor  
  55  5:06  Zerg Missile Weapons Level 1  
  55  5:07  Overlord  
  54  5:13  Zergling x2  
  54  5:14  Zergling x4  
  56  5:15  Overlord  
  56  5:17  Overlord  
  56  5:30  Zergling x4  
  56  5:32  Roach x3  
  56  5:33  Roach  
  56  5:34  Roach  
  65  5:37  Roach  
  65  5:39  Roach  
  65  5:41  Roach  
  71  5:45  Roach  
  71  5:48  Roach x2  
  76  5:51  Roach  
  76  5:53  Roach  
  79  5:58  Roach  
  79  6:02  Overlord  
  79  6:05  Overlord, Drone x2  
  79  6:10  Glial Reconstitution  
  79  6:21  Drone  
  79  6:22  Drone x7  
  79  6:24  Drone  
  88  6:32  Roach x2  
  89  6:33  Roach  
  89  6:35  Roach  
  89  6:38  Spine Crawler  
  86  6:40  Roach  
  86  6:42  Roach  
  86  6:44  Roach  
  86  6:46  Roach  
  94  6:49  Roach  
  94  6:52  Overlord  
  96  6:56  Overlord, Baneling x2  
  96  6:58  Roach  
  98  7:02  Overlord  
  98  7:03  Overlord  
  98  7:15  Roach x6  
  110  7:18  Roach  
  110  7:22  Drone x2  
  108  7:32  Roach x4  
  108  7:33  Roach  
  108  7:34  Roach  
  120  7:40  Roach  
  120  7:42  Roach  
  124  7:45  Queen  
  124  7:47  Overlord  
  125  7:54  Roach, Overlord  
  125  7:55  Roach  
  129  8:01  Drone  
  129  8:05  Overlord  
  130  8:10  Roach  
  130  8:12  Roach  
  126  8:14  Roach  
  126  8:18  Roach  
  124  8:22  Roach  
  124  8:25  Roach  
  124  8:27  Roach  
  124  8:33  Roach  
  115  8:48  Roach x3  
  113  8:52  Drone  
  113  8:53  Drone  
  113  8:55  Drone  
  114  8:57  Queen  
  114  8:59  Roach  
  114  9:00  Roach  
  116  9:05  Roach  
  116  9:08  Roach, Extractor  
  119  9:10  Roach  
  119  9:12  Extractor  
  119  9:16  Roach  
  121  9:20  Roach  
  121  9:21  Hatchery  
  121  9:22  Roach  
  124  9:26  Roach  
Show
View Real Time Build Order
Export as new Build Order

Rogue Zerg - Winner!

Build Orders: Pool First, Zergling Baneling 

Get SALT Encoding   

  12  0:00  Drone  
  13  0:12  Overlord  
  13  0:16  Drone  
  14  0:30  Drone x2  
  14  0:34  Drone  
  17  0:44  Extractor  
  17  0:45  Drone  
  17  0:49  Spawning Pool  
  16  0:55  Drone  
  17  1:06  Drone  
  18  1:17  Hatchery  
  17  1:21  Drone  
  18  1:35  Queen  
  18  1:36  Zergling x2  
  21  1:44  Metabolic Boost  
  21  1:50  Overlord  
  21  1:53  Drone  
  22  2:05  Baneling Nest  
  21  2:09  Zergling x2  
  21  2:14  Queen  
  24  2:19  Zergling x2  
  25  2:23  Drone  
  27  2:30  Zergling x2  
  27  2:34  Zergling x2  
  28  2:41  Zergling x2  
  29  2:44  Zergling x6  
  29  2:46  Zergling x2  
  33  2:52  Baneling x2  
  33  2:54  Zergling x2  
  34  2:59  Overlord  
  34  3:06  Drone  
  34  3:08  Drone  
  36  3:17  Zergling x2  
  37  3:20  Drone x4  
  37  3:22  Drone  
  37  3:26  Drone  
  42  3:28  Drone  
  39  3:35  Drone x2  
  39  3:38  Baneling x2  
  39  3:39  Drone  
  40  3:43  Drone  
  41  3:48  Drone  
  41  3:53  Drone x2  
  44  4:00  Overlord  
  44  4:03  Overlord  
  43  4:13  Baneling x3  
  42  4:18  Queen  
  42  4:20  Drone x4  
  42  4:22  Drone  
  49  4:24  Zergling x6  
  49  4:25  Overlord  
  49  4:26  Zergling x4  
  49  4:28  Zergling x2  
  55  4:39  Overlord  
  55  4:40  Hatchery  
  55  4:44  Zergling x4  
  56  4:48  Baneling x2  
  56  4:54  Extractor  
  56  4:55  Baneling x2, Roach Warren  
  54  5:01  Zergling x12  
  60  5:10  Zergling x2  
  60  5:18  Zergling x2  
  60  5:19  Zergling x6  
  64  5:24  Evolution Chamber  
  62  5:30  Overlord  
  61  5:41  Roach  
  61  5:42  Roach x4  
  71  5:44  Overlord  
  69  5:51  Roach  
  69  5:55  Roach  
  70  5:57  Zerg Missile Weapons Level 1  
  70  5:58  Lair  
  70  5:59  Extractor  
  70  6:03  Roach x2  
  70  6:04  Drone  
  70  6:08  Drone  
  70  6:11  Roach x3  
  77  6:14  Zergling x10  
  81  6:26  Roach x3  
  81  6:32  Drone  
  86  6:36  Drone  
  86  6:38  Drone x2  
  87  6:43  Zergling x2  
  87  6:44  Zergling x10  
  93  6:50  Drone x3  
  93  6:53  Overlord x2  
  96  6:55  Drone  
  97  7:02  Drone  
  97  7:07  Glial Reconstitution  
  98  7:13  Roach x6  
  110  7:15  Overlord  
  110  7:17  Overlord  
  110  7:20  Roach  
  110  7:21  Drone  
  110  7:24  Extractor  
  110  7:25  Extractor, Drone  
  110  7:27  Drone  
  110  7:28  Drone  
  104  7:31  Drone x2  
  104  7:33  Roach  
  109  7:40  Ravager x3  
  109  7:41  Roach, Ravager  
  109  7:42  Zergling x6  
  109  7:43  Zergling x2  
  118  7:49  Zergling x8  
  122  7:55  Roach x2  
  122  7:56  Drone x2  
  128  8:01  Overlord  
  128  8:03  Overlord  
  120  8:15  Roach x6  
  120  8:17  Roach  
  120  8:18  Roach  
  126  8:22  Roach x2  
  126  8:25  Roach  
  126  8:28  Roach  
  126  8:30  Roach  
  126  8:32  Roach  
  121  8:35  Roach  
  121  8:38  Roach  
  124  8:44  Queen  
  126  8:50  Roach x2  
  126  8:54  Drone  
  129  8:57  Roach x5  
  139  9:06  Roach x2  
  139  9:08  Drone  
  144  9:18  Baneling x2  
  144  9:19  Hatchery  
  144  9:23  Roach  
  145  9:25  Overlord x3  
Tags
 
Add a new tag
Caveats
  • Supply blocks, unpowered buildings, or Contaminate may cause inaccurate times.
  • Supply counts are checked every 10 seconds.